 Dungeon Crawl Stone Soup version 0.27.1-33-g824d729ab1 (webtiles) character file.

Game seed: 12064599392375009712

13816 belegose the Nimble (level 12, -4/81 HPs)
             Began as a Djinni Earth Elementalist on Dec 3, 2021.
             Was an Elder of Makhleb.
             Slain by a death scarab (23 damage)
             ... in a Gauntlet.
             The game lasted 00:53:38 (12146 turns).

belegose the Nimble (Djinni Earth Elementalist)    Turns: 12146, Time: 00:53:39

Health: -4/81      AC:  5    Str: 10    XL:     12   Next: 37%
Gold:   517        EV: 16    Int: 18    God:    Makhleb [****..] SH:  0 Dex: 15

rFire    + + .     SeeInvis .   b - +8 hunting sling "Hawkeutt" {speed, Will+}
rCold    x . .     Faith    .   (no shield)
rNeg     . . .     Spirit   .   r - +0 troll leather armour {Purgy}
rPois    ∞         Reflect  .   x - +1 hat {Will+}
rElec    .         Harm     .   C - scarf {shadows}
rCorr    .         Rampage  .   (no gloves)
Will     +++..     NoTele   +   (boots unavailable)
Stlth    +++.......             (no amulet)
HPRegen  1.23/turn              (no ring)
MPRegen  0.00/turn              (no ring)

@: flying, slowed, very slow
A: sickness immunity, fire resistance 2, cold vulnerability 1, float, innate
caster, hp casting, extra vitality 1
a: Renounce Religion, Minor Destruction, Lesser Servant of Makhleb, Major
Destruction


You were in a Gauntlet.
You worshipped Makhleb.
Makhleb was greatly pleased with you.
You visited 2 branches of the dungeon, and saw 12 of its levels.
You also visited: Sewer and Gauntlet.

You collected 517 gold pieces.

Inventory:

Hand Weapons
 a - a +4 scimitar
 b - the +8 hunting sling "Hawkeutt" (weapon) {speed, Will+}
   (You found it on level 4 of the Dungeon)

   Attacks with this weapon are significantly faster.
   Will:      It increases your willpower.
 w - a +1 dagger of venom
Missiles
 c - 192 stones (quivered ammo)
 f - 90 sling bullets
 t - 115 poisoned darts
 u - 12 curare-tipped darts
Armour
 r - a +0 troll leather armour (worn) {Purgy}
 x - a +1 hat of willpower (worn)
 y - a +2 scale mail of cold resistance
 C - a scarf of shadows (worn)
 D - the +1 leather armour of Gehenna {rC++ Str+4 Int-4}
   (You found it on level 8 of the Dungeon)

   Str:       It affects your strength (+4).
   Int:       It affects your intelligence (-4).
   rC:        It greatly protects you from cold.
 J - a +0 cloak of preservation
Jewellery
 E - a ring of fire
Wands
 G - a wand of iceblast (11)
Scrolls
 g - 3 scrolls of blinking {unknown}
 j - a scroll of identify
 l - a scroll of teleportation {unknown}
 m - a scroll of vulnerability {unknown}
 n - 4 scrolls of amnesia {unknown}
 o - 3 scrolls of immolation {unknown}
 p - a scroll of noise {unknown}
 q - a scroll of fog {unknown}
 A - a scroll of summoning {unknown}
 B - a scroll of fear {unknown}
 H - a scroll of holy word {unknown}
 I - a scroll of magic mapping {unknown}
Potions
 d - 3 potions of curing
 e - a potion of resistance {unknown}
 h - 3 potions of might
 i - 2 potions of haste
 k - 2 potions of heal wounds
 v - 2 potions of lignification
 z - a potion of berserk rage
Miscellaneous
 s - a piece from Xom's chessboard (15/15)
 F - a phantom mirror


   Skills:
 - Level 5.1 Fighting
 + Level 7.2 Slings
 - Level 3.0 Armour
 + Level 9.3 Dodging
 - Level 4.9 Stealth
 + Level 7.7 Spellcasting
 + Level 8.7 Invocations


You had 3 spell levels left.
You knew the following spells:

 Your Spells              Type           Power      Damage    Failure   Level
a - Sandblast             Erth           68%        2d15      1%          1
b - Passwall              Tmut/Erth      28%        N/A       1%          2
c - Stone Arrow           Conj/Erth      68%        3d11      1%          3
d - Petrify               Tmut/Erth      34%        N/A       5%          4
e - Animate Skeleton      Necr           68%        N/A       1%          1
f - Call Imp              Summ           34%        N/A       1%          2
g - Dazzling Flash        Conj/Hex       68%        N/A       1%          3
h - Inner Flame           Hex/Fire       34%        N/A       1%          3
i - Summon Ice Beast      Ice/Summ       34%        N/A       5%          4
Your spell library was empty.

Dungeon Overview and Level Annotations

Branches:
Dungeon (11/15)            Temple (1/1) D:6             Orc (0/2) D:9
  Sewer (visited)         Gauntlet (1/1)
   Lair: D:8-11

Altars:
Ashenzari
Dithmenos
Fedhas
Gozag
Makhleb
Nemelex Xobeh
Okawaru
Qazlal
Ru
Yredelemnul
The Shining One

Shops:
D:10 *

Annotations:
D:7 Harold
D:9 1 exclusion Gauntlet 2 runed translucent doors, 10 transporters, exclusion: orange crystal statue


Innate Abilities, Weirdness & Mutations

You are immune to sickness and miasma.
You are immune to poison.
Your flesh is very heat resistant. (rF++)
You are vulnerable to cold. (rC-)
You float through the air rather than walking.
You learn spells naturally, not from books.
Your magical power is your life essence.
You have superior vitality. (+4 HP)


Message History

You start resting.
HP restored.
Found a transporter.
The shining eye pulsates ominously.
The shining eye pulsates ominously.
There is a transporter here.
The naga shouts!
The death scarab waves its antennae.
There is a transporter here.
The death scarab waves its antennae.
The death scarab waves its antennae.
The raiju stops to sniff the ground.
There is a transporter here.
You enter the transporter and appear at another place.
Found a transporter.
The death scarab waves its antennae.
The death scarab bites you! The death scarab drains your vigour!
You feel yourself slow down. The death scarab bites you! x2
The death scarab closely misses you. The death scarab misses you.
The death scarab bites you!! The death scarab drains your vigour!
You feel as though you will be slow longer.
The death scarab barely misses you. The death scarab misses you.
There is a transporter here.
You enter the transporter and appear at another place.
The death scarab closely misses you. The death scarab bites you!
* * * LOW HITPOINT WARNING * * *
The death scarab drains your vigour!
You feel as though you will be slow longer.
The spectral black mamba bites you.
* * * LOW HITPOINT WARNING * * *
The spectral black mamba closely misses you. x2
Casting: Stone Arrow (safe; 1% risk of failure)
Confirm with . or Enter, or press ? or * to list all spells.
Okay, then.
Okay, then.
Okay, then.
The death scarab barely misses you. The death scarab completely misses you.
The death scarab closely misses you. The spectral black mamba misses you.
The death scarab bites you!!
You die...

.#..#..##≈##..#..###.###!#..##
D#..#.........#..#.......#.§§# ##
##..#.......§.#..#########.§###..
.#..###########..#..........##..#
##..#.........#..#########..#...#
^#..#B.##.##..#..##.##..##..#....
!#..#.##...##[#..#.#..##"#.8#.©.#
}#..#.#.....#.#Z.#.#^#.#)#..#...#
G#©©#....©..Z§#©@##.#©.#©#.∩#.©..
.#..#.#.....#[#B.#4##.#.)#..#...#
.#..#.##...##=#..##..##.4#.8#.©.#
.#..#..##.##..#B.#.##..###..#....
##..#.........#..#########..#...#
.#..###########..#..........##..#
##..#.........#..#########..###..
k#..#.........#..#.......#..§# ##
}#..#..##≈##§.#..#G.#...(#.§##


You could see an orange demon (wandering), a spectral komodo dragon, a spectral
black mamba and 2 death scarabs.

Vanquished Creatures
  4 two-headed ogres
  Erica (D:9)
  Sonja (D:10)
  A kobold demonologist (D:9)
  11 yaks (D:10)
  A steam dragon (Gauntlet)
  Eustachio (D:6)
  3 wraiths (D:9)
  A warg (D:8)
  A water moccasin (D:7)
  Purgy (Sewer)
  An ice beast (D:8)
  2 orc warriors (D:10)
  3 ogres
  8 necrophages
  4 centaurs
  4 bullfrogs
  12 kobold brigands
  A wyvern zombie (D:7)
  2 gnoll sergeants
  A scorpion (D:5)
  A water moccasin skeleton (D:4)
  9 killer bees
  20 wights
  A howler monkey (D:8)
  A bullfrog zombie (D:6)
  8 centaur zombies
  6 orc priests
  A jelly (D:6)
  A centaur skeleton (D:6)
  3 iguanas
  5 orc wizards
  A killer bee zombie (D:8)
  A hound skeleton (D:4)
  2 mummies (D:10)
  A howler monkey zombie (D:8)
  21 gnolls
  7 adders
  A white imp (D:7)
  2 worms (D:3)
  2 dart slugs
  26 orcs
  3 bats
  3 endoplasms
  4 giant cockroaches
  6 goblins
  3 hobgoblins
  8 jackals
  25 kobolds
  3 quokkas
  6 ball pythons
  2 frilled lizards (D:3)
  5 rats
252 creatures vanquished.

Vanquished Creatures (collateral kills)
  2 two-headed ogres
2 creatures vanquished.

Vanquished Creatures (others)
  2 plants (Gauntlet)
  2 withered plants (D:10)
4 creatures vanquished.

Grand Total: 258 creatures vanquished

Notes
Turn   | Place    | Note
-------+----------+-------------------------------------------
     0 | D:1      | belegose the Djinni Earth Elementalist began the quest for
                  | the Orb.
     0 | D:1      | Reached XP level 1. HP: 15/15 MP: 0/0
   160 | D:1      | Reached XP level 2. HP: 19/22 MP: 0/0
   457 | D:1      | Reached skill level 1 in Fighting
   457 | D:1      | Reached XP level 3. HP: 14/27 MP: 0/0
   457 | D:1      | Learned a level 1 spell: Animate Skeleton
   774 | D:1      | Found a faded altar of an unknown god.
  2029 | D:3      | Reached XP level 4. HP: 30/32 MP: 0/0
  2087 | D:3      | Found an opulent altar of Gozag.
  2089 | D:3      | Found a glowing golden altar of the Shining One.
  2096 | D:3      | Found an iron altar of Okawaru.
  2177 | D:3      | Reached skill level 3 in Dodging
  2227 | D:3      | Found a glowing drain.
  2235 | Sewer    | Entered a sewer
  2509 | Sewer    | Noticed Purgy
  2584 | Sewer    | Killed Purgy
  2585 | Sewer    | Reached XP level 5. HP: 22/38 MP: 0/0
  2585 | Sewer    | Learned a level 2 spell: Call Imp
  3209 | D:4      | Reached XP level 6. HP: 25/45 MP: 0/0
  3230 | D:4      | Reached skill level 1 in Armour
  3297 | D:4      | Noticed an orc warrior
  3677 | D:4      | Identified the +8 hunting sling "Hawkeutt" {speed, Will+}
  4255 | D:4      | Noticed an ogre
  4263 | D:4      | Killed an ogre
  4264 | D:4      | Reached XP level 7. HP: 50/50 MP: 0/0
  4264 | D:4      | Learned a level 3 spell: Dazzling Flash
  4367 | D:5      | Entered Level 5 of the Dungeon
  4546 | D:5      | Found a burning altar of Makhleb.
  4551 | D:5      | Became a worshipper of Makhleb the Destroyer
  5591 | D:6      | Noticed Eustachio
  5759 | D:6      | Killed Eustachio
  5760 | D:6      | Reached skill level 1 in Slings
  5760 | D:6      | Reached skill level 1 in Invocations
  5760 | D:6      | Reached XP level 8. HP: 58/58 MP: 0/0
  5986 | D:6      | Noticed a two-headed ogre
  6002 | D:6      | Killed a two-headed ogre
  6003 | D:6      | Reached XP level 9. HP: 20/64 MP: 0/0
  6003 | D:6      | Learned a level 3 spell: Inner Flame
  6080 | D:6      | Reached skill level 5 in Fighting
  6255 | D:6      | Found a staircase to the Ecumenical Temple.
  6264 | Temple   | Entered the Ecumenical Temple
  6755 | D:7      | Reached skill level 4 in Dodging
  6862 | D:7      | Reached * piety under Makhleb
  6875 | D:7      | Reached skill level 5 in Spellcasting
  6909 | D:7      | Noticed Harold
  7159 | D:7      | Found a blossoming altar of Fedhas.
  7729 | D:8      | Reached XP level 10. HP: 70/70 MP: 0/0
  7787 | D:8      | Identified the +1 leather armour of Gehenna {rC++ Str+4
                  | Int-4}
  7818 | D:8      | Reached skill level 5 in Dodging
  7882 | D:8      | Noticed a two-headed ogre
  7913 | D:8      | Killed a two-headed ogre
  7914 | D:8      | Reached skill level 5 in Invocations
  8655 | D:8      | Reached skill level 6 in Dodging
  8872 | D:8      | Reached skill level 5 in Slings
  9128 | D:9      | Found a staircase to the Orcish Mines.
  9142 | D:9      | Reached ** piety under Makhleb
  9269 | D:9      | Noticed a kobold demonologist
  9286 | D:9      | Killed a kobold demonologist
  9287 | D:9      | Reached XP level 11. HP: 61/75 MP: 0/0
  9287 | D:9      | Learned a level 4 spell: Summon Ice Beast
  9308 | D:9      | Reached skill level 7 in Dodging
  9502 | D:9      | Noticed Erica
  9524 | D:9      | Noticed a two-headed ogre
  9525 | D:9      | Killed Erica
  9813 | D:9      | Killed a two-headed ogre
  9825 | D:10     | Entered Level 10 of the Dungeon
 10161 | D:10     | Reached skill level 8 in Dodging
 10239 | D:10     | Reached *** piety under Makhleb
 10355 | D:10     | Noticed Sonja
 10391 | D:10     | Killed Sonja
 10528 | D:10     | Found a broken altar of Ashenzari.
 10528 | D:10     | Found a shadowy altar of Dithmenos.
 10603 | D:10     | Found a sacrificial altar of Ru.
 10771 | D:10     | Reached XP level 12. HP: 76/81 MP: 0/0
 10859 | D:10     | Noticed a two-headed ogre
 10884 | D:10     | Killed a two-headed ogre
 11177 | D:10     | Found Sawnit's Gadget Gallery.
 11235 | D:10     | Reached skill level 9 in Dodging
 11318 | D:10     | Reached **** piety under Makhleb
 11667 | D:11     | Noticed a two-headed ogre
 11676 | D:11     | Killed a two-headed ogre
 11685 | D:11     | Noticed a two-headed ogre
 11694 | D:11     | Killed a two-headed ogre
 11714 | D:11     | Found a gate leading to a gauntlet.
 11724 | Gauntlet | Entered a Gauntlet
 11724 | Gauntlet | Found a runed translucent door.
 11724 | Gauntlet | Found a transporter.
 11724 | Gauntlet | Found a runed translucent door.
 11731 | Gauntlet | Found a transporter.
 11744 | Gauntlet | Found a transporter.
 11759 | Gauntlet | Noticed a death scarab
 11764 | Gauntlet | Found a transporter.
 11777 | Gauntlet | Found a transporter.
 11792 | Gauntlet | Noticed a green death
 11795 | Gauntlet | Found a transporter.
 11802 | Gauntlet | Noticed a glowing orange brain
 11805 | Gauntlet | Found a transporter.
 11818 | Gauntlet | Noticed a glowing orange brain
 11821 | Gauntlet | Found a transporter.
 11841 | Gauntlet | Found a transporter.
 11854 | Gauntlet | Found a transporter.
 11872 | Gauntlet | Found a transporter.
 11956 | Gauntlet | Found a transporter.
 11983 | Gauntlet | Noticed a death scarab
 12091 | Gauntlet | Found a transporter.
 12140 | Gauntlet | Found a transporter.
 12146 | Gauntlet | Slain by a death scarab

Illustrated notes

Levels and vault maps discovered:
D:1:      minmay_arrival_checkered_box, layout_loops_ring,
          hellmonk_ecumenical_altar_slurped_away
D:2:      layout_basic, eino_tiny_chamber, chequers_big_river
D:3:      layout_rooms, grunt_temple_overflow_open, cheibrodos_sewer_entry_bend
D:4:      layout_basic
D:5:      layout_basic, mainiacjoe_overflow_brackets, serial_curves,
          eino_curves_02, eino_curves_04, eino_curves_02, eino_curves_01
D:6:      layout_loops_ring, minmay_temple_entry_fiery, minmay_crystal_water,
          grunt_ministairs_9, uniq_eustachio
D:7:      layout_basic, pf_just_have_faith, serial_rivers,
          chequers_serial_rivers_large_a, chequers_serial_rivers_room_b,
          chequers_serial_rivers_small_b, chequers_serial_rivers_small_a,
          minmay_misc_feat_four_crosses, uniq_harold
D:8:      layout_loops_cross
D:9:      layout_roguey, david_orc_3, special_room [special_room_kobold],
          small_statue_intersection, uniq_erica
D:10:     layout_stronghold, nicolae_ru_great_annihilating_truth,
          nicolae_overflow_hidden_temple, serial_undead, serial_undead_d,
          serial_undead_f, serial_undead_c, serial_undead_b, serial_undead_e,
          serial_undead_a, serial_undead_d, serial_undead_c, serial_undead_c,
          serial_undead_f, nicolae_shop_gadgets, uniq_sonja
D:11:     layout_big_octagon, dpeg_oklobed_lair, gauntlet_entry_generic,
          uniq_josephine
Temple:   cyrus_circular_temple
Gauntlet: gammafunk_gauntlet_mixed_choke_point
          [minmay_gauntlet_arena_77_hold_the_fort,
          minmay_gauntlet_arena_77_shame_cube, minmay_gauntlet_arena_77_museum,
          gammafunk_gauntlet_arena_split_diamond,
          minmay_gauntlet_arena_77_double_cross, minmay_gauntlet_arena_77_mess,
          minmay_gauntlet_arena_77_broken_ladder, gauntlet_exit_green]

Skill      XL: |  1  2  3  4  5  6  7  8  9 10 11 12 |
---------------+-------------------------------------+-----
Fighting       | 1 2 3 4 5 |  5.1
Stealth        | 2 3 4 |  4.9
Dodging        | 3 4 6 8 9 |  9.3
Spellcasting   | 3 4 5 6 7 |  7.7
Armour         | 2 3 |  3.0
Slings         | 1 2 3 5 6 7 |  7.2
Invocations    | 1 3 4 6 8 |  8.7

Action                   |  1- 3 |  4- 6 |  7- 9 | 10-12 || total
-------------------------+-------+-------+-------+-------++-------
Melee: Dagger            |     3 |       |       |   141 ||   144
       Flail             |    39 |   176 |    31 |       ||   246
       Scimitar          |       |       |     1 |    68 ||    69
 Fire: Hunting sling     |       |    10 |   192 |   193 ||   395
Throw: Dart              |       |       |     9 |     3 ||    12
 Cast: Sandblast         |    22 |    37 |     4 |       ||    63
       Animate Skeleton  |       |     1 |       |       ||     1
       Stone Arrow       |       |       |    20 |    92 ||   112
       Dazzling Flash    |       |       |     2 |       ||     2
       Petrify           |       |       |       |    34 ||    34
       Summon Ice Beast  |       |       |       |     9 ||     9
       Inner Flame       |       |       |       |     1 ||     1
  Use: Potion            |       |     4 |       |       ||     4
       Scroll            |       |       |       |     4 ||     4
 Stab: Sleeping          |     6 |     1 |     2 |     3 ||    12
       Petrified         |       |       |       |    46 ||    46
       Petrifying        |       |       |       |     6 ||     6
Armor: Robe              |    17 |     3 |       |       ||    20
       Troll leather arm |       |    50 |    23 |    68 ||   141
Dodge: Dodged            |    42 |   204 |    69 |   240 ||   555
       Rpst.: Scimitar   |       |       |       |    23 ||    23
